 Dungeon Crawl Stone Soup version 0.29.1-2-gbd0b4ee654 (webtiles) character file.

Game seed: 11680882073959462114

36 GorkyZ the Chopper (level 3, 0/22 HPs)
             Began as a Gargoyle Gladiator on Nov 23, 2022.
             Slain by a gnoll
             ... wielding a +0 club
              (1 damage)
             ... on level 2 of the Dungeon.
             The game lasted 00:02:35 (1265 turns).

GorkyZ the Chopper (Gargoyle Gladiator)             Turns: 1265, Time: 00:02:36

Health: 0/22       AC: 10    Str: 19    XL:     3   Next: 37%
Magic:  3/3        EV:  7    Int:  8    God:
Gold:   45         SH: 10    Dex: 11    Spells: 2/2 levels left

rFire   . . .      SeeInvis .   a - +0 war axe
rCold   . . .      Faith    .   m - +0 tower shield
rNeg    + . .      Spirit   .   p - +0 ring mail
rPois   ∞          Reflect  .   c - +0 helmet
rElec   +          Harm     .   (no cloak)
rCorr   .          Rampage  .   q - +0 pair of gloves
Will    .....                   (no boots)
Stlth   +.........              (no amulet)
HPRegen 0.07/turn               (no ring)
MPRegen 0.08/turn               (no ring)

@: no status effects
A: sickness immunity, AC +3, negative energy resistance 1, electricity
resistance, torment resistance 1, petrification resistance
a: no special abilities


You were on level 2 of the Dungeon.
You visited 1 branch of the dungeon, and saw 2 of its levels.

You collected 45 gold pieces.

Inventory:

Hand Weapons
 a - a +0 war axe (weapon)
Missiles
 d - 3 throwing nets (quivered)
 e - a javelin
 f - 3 poisoned darts
Armour
 b - a +0 leather armour
 c - a +0 helmet (worn)
 m - a +0 tower shield (worn)
 p - a +0 ring mail (worn)
 q - a +0 pair of gloves (worn)
Scrolls
 j - a scroll of fear {unknown}
 k - a scroll of amnesia {unknown}
 l - a scroll of torment {unknown}
 n - a scroll of identify {unknown}
Potions
 g - 3 potions of curing {unknown}
 h - 2 potions of cancellation {unknown}
 i - a potion of lignification {unknown}
 o - a potion of heal wounds {unknown}
 r - 2 potions of flight {unknown}


   Skills:
 + Level 2.5 Fighting
 + Level 2.9 Axes
 + Level 2.0 Throwing
 + Level 1.0 Armour
 + Level 2.6 Dodging
 + Level 0.4 Shields
 + Level 0.8 Invocations
 + Level 0.6 Evocations


You had 2 spell levels left.
You didn't know any spells.
Your spell library was empty.

Dungeon Overview and Level Annotations

Branches:
Dungeon (2/15)

Altars:


Innate Abilities, Weirdness & Mutations

You are immune to sickness and miasma.
Your stone body is resilient. (AC +3)
You are immune to poison.
You resist negative energy. (rN+)
You are resistant to electric shocks. (rElec)
You are resistant to unholy torment.
You are immune to petrification.


Message History

You enter the shallow water.
Moving in this stuff is going to be slow.
A gnoll comes into view. It is wielding a +0 club.
Found a scroll labelled MEXZAOWNELYO.
The gnoll shouts!
A gnoll comes into view. It is wielding a +0 halberd.
The gnoll shouts!
A gnoll comes into view. It is wielding a +0 spear.
You block the kobold's attack.
You barely miss the kobold. You block the kobold's attack.
The kobold hits you with a +0 club.
You barely miss the gnoll. You barely miss the kobold.
You block the kobold's attack. The gnoll hits you with a +0 club.
The kobold splashes around in the water.
The gnoll hits you from afar with a +0 halberd.
You block the gnoll's attack.
You barely miss the gnoll. You slash the kobold!
You kill the kobold!
You hear a splash. x2
You block the gnoll's attack. The gnoll hits you but does no damage.
The gnoll splashes around in the water.
You closely miss the gnoll. The gnoll hits you but does no damage.
You block the gnoll's attack. The gnoll hits you but does no damage.
The gnoll hits you from afar with a +0 halberd.
You block the gnoll's attack. The gnoll hits you but does no damage.
You slash the gnoll!
The gnoll is severely wounded.
The gnoll completely misses you. The gnoll hits you but does no damage.
The gnoll barely misses you. You block the gnoll's attack.
The gnoll closely misses you.
You hit the gnoll.
The gnoll is severely wounded.
The gnoll hits you from afar with a +0 spear.
The gnoll hits you from afar with a +0 halberd!
* * * LOW HITPOINT WARNING * * *
You block the gnoll's attack.
The gnoll hits you from afar with a +0 spear.
* * * LOW HITPOINT WARNING * * *
The gnoll barely misses you. The gnoll hits you with a +0 club.
You die...

# #......≈≈[#...|.##.###
#.#.##..†.≈.#.....#.....
....##.~.~~...........##
#...~.≈~.......#.#.#
#.#...~~.~.....#.#.##
#.#..~~≈.~##.#.....†. .
#...~~............. ##
#~~$≈≈~.##..<......
#.@.~~~............
......g)~~~..####.......
#####.gg.~~~.# #.......
#...~~≈..# #.......
#.#..≈≈.## #.##..#.
#.#..≈≈..# #.#.#≈≈#?.#
#.###≈≈#...


You could see 3 gnolls.

Vanquished Creatures
  2 dart slugs (D:1)
  4 ball pythons (D:1)
  3 bats (D:1)
  5 endoplasms (D:1)
  A giant cockroach (D:1)
  5 goblins (D:1)
  A hobgoblin (D:1)
  3 kobolds
  A quokka (D:1)
  3 frilled lizards
  3 rats (D:2)
31 creatures vanquished.

Vanquished Creatures (others)
  A fungus (D:1)
1 creature vanquished.

Grand Total: 32 creatures vanquished

Notes
Turn   | Place    | Note
-------+----------+-------------------------------------------
     0 | D:1      | GorkyZ the Gargoyle Gladiator began the quest for the Orb.
     0 | D:1      | Reached XP level 1. HP: 12/12 MP: 1/1
    20 | D:1      | Reached XP level 2. HP: 2/17 MP: 2/2
   765 | D:1      | Reached XP level 3. HP: 20/22 MP: 3/3
   902 | D:1      | Reached skill level 1 in Armour
  1087 | D:1      | Found a faded altar of an unknown god.
  1265 | D:2      | HP: 1/22 [gnoll/+0 spear (1)]
  1265 | D:2      | Slain by a gnoll

Illustrated notes

Levels and vault maps discovered:
D:1:      spicycebolla_arrival_clurvy, layout_loops_cross,
          dilly_ecumenical_altar_fadedgnrine
D:2:      layout_loops_ring, serial_rivers, chequers_serial_rivers_marsh,
          chequers_serial_rivers_small_3, chequers_serial_rivers_large_b,
          chequers_serial_rivers_small_3, chequers_serial_rivers_large_a,
          chequers_serial_rivers_micro_a, hangedman_decor_points, uniq_jessica

Skill      XL: |  1  2  3 |
---------------+----------+-----
Throwing       | 2 |  2.0
Armour         | 1 |  1.0
Fighting       | |  2.5
Axes           | |  2.9
Dodging        | |  2.6
Shields        | |  0.4
Invocations    | |  0.8
Evocations     | |  0.6

Action                   || total
-------------------------++-------
Melee: War axe           ||    81
Armor: Leather armour    ||    30
       Ring mail         ||    11
Dodge: Dodged            ||    57
Block: Tower shield      ||    28
